 Dungeon Crawl Stone Soup version 0.25-b1-41-g19641232cd (webtiles) character file.

Game seed: 1766565336777031055

44 Descartes the Grasshopper (level 3, -3/16 HPs)
             Began as a Felid Warper on June 8, 2020.
             Slain by an adder (4 damage)
             ... on level 2 of the Dungeon.
             The game lasted 00:03:56 (2752 turns).

Descartes the Grasshopper (Felid Warper)            Turns: 2752, Time: 00:03:57

Health: -3/16      AC:  1    Str:  8    XL:     3   Next: 41%
Magic:  7/7        EV: 19    Int: 14    God:
Gold:   141        SH:  0    Dex: 15    Spells: 2/6 levels left
                                        Lives:  0   Deaths: 0

rFire    . . .     SeeInvis +     - Unarmed
rCold    . . .     Gourm    .   (shield unavailable)
rNeg     . . .     Faith    .   (armour unavailable)
rPois    .         Spirit   .   (helmet unavailable)
rElec    .         Reflect  .   (cloak unavailable)
rCorr    .         Harm     .   (gloves unavailable)
MR       .....                  (boots unavailable)
Stlth    ++........             (no amulet)
HPRegen  0.05/turn              (no ring)
MPRegen  0.10/turn              (no ring)

@: lethally poisoned (-3 -> -10), quick
A: very small, no armour, no weapons or thrown items, stealth, claws 1, fangs 3,
see invisible, carnivore, speed 1, shaggy fur 1, slow metabolism 1, sharp paws
a: no special abilities


You were on level 2 of the Dungeon.
You were completely stuffed.

You visited 1 branch of the dungeon, and saw 2 of its levels.

You collected 141 gold pieces.

Inventory:

Missiles
 d - 36 arrows
 h - 99 stones
Jewellery
 e - an uncursed ring of resist corrosion {unknown}
 f - an uncursed ring of protection from magic {unknown}
Scrolls
 a - a scroll of remove curse {unknown}
 b - a scroll of blinking
 g - 2 scrolls of amnesia {unknown}
 j - a scroll of magic mapping {unknown}
 l - a scroll of teleportation {unknown}
 o - a scroll of identify {unknown}
 q - a scroll of enchant weapon {unknown}
Potions
 i - a potion of berserk rage {unknown}
 k - a potion of brilliance {unknown}
 m - a potion of might {unknown}
 n - 3 potions of mutation {unknown}
Comestibles
 c - 5 rations
 p - 2 chunks of flesh


   Skills:
 + Level 2.3 Fighting
 + Level 3.6 Dodging
 * Level 2.2 Stealth
 * Level 2.6 Unarmed Combat
 - Level 2.0 Spellcasting
 + Level 0.3 Charms
 + Level 4.6 Translocations


You had 2 spell levels left.
You knew the following spells:

 Your Spells              Type           Power        Failure   Level  Hunger
a - Blink                 Tloc           N/A          5%          2    ###....
b - Shroud of Golubria    Chrm/Tloc      #.....       13%         2    ###....

Your spell library contained the following spells:

 Spells                   Type           Power        Failure   Level  Hunger
 Gell's Gravitas          Tloc           ##........   11%         3    ####...
 Lesser Beckoning         Tloc           ##........   11%         3    ####...
 Teleport Other           Tloc           ##......     11%         3    ####...
 Passage of Golubria      Tloc           N/A          34%         4    #####..


Dungeon Overview and Level Annotations

Branches:
Dungeon (2/15)

Altars:
Makhleb
Zin


Innate Abilities, Weirdness & Mutations

You cannot wear armour.
You are incapable of wielding weapons or throwing items.
Your paws allow you to move quietly. (Stealth)
You have sharp claws.
You have razor-sharp teeth.
You have supernaturally acute eyesight. (SInv)
You are carnivorous and can eat meat at any time.
You cover ground quickly.
You are covered in fur. (AC +1)
You have a slow metabolism.
Your sharp claws are effective at attacking unaware monsters.


Message History

The adder is severely wounded.
The adder barely misses you. The adder bites you.
You closely miss the adder. Your bite misses the adder.
The adder is severely wounded.
The adder bites you.
* * * LOW HITPOINT WARNING * * *
You are lethally poisoned!
The adder poisons you!
You scratch the adder.
The adder is almost dead.
* * * LOW HITPOINT WARNING * * *
You feel sick. The adder barely misses you.
You miss the adder.
The adder is almost dead.
The adder misses you.
You barely miss the adder. Your bite misses the adder.
The adder is almost dead.
* * * LOW HITPOINT WARNING * * *
You feel sick. The adder bites you.
You die...

#.#
####.#.###.##....
#.#
#................
#.#
#.###.####.##....
#.# .# #.# #.#.#.#
#.# .# #.# #....#
#.# .# #.# ##.#.#
#.# .# #.# #>...
###.####S# #.#
#..#. #......@.#
#.# ##...
#########.#.######
#.# ##.#
#.........#.#
#.#### ##.#
#.#########.#
#....#####... #.#
#$# ####..[....#.
#.# ....#
#..####... #.#
#.#### #..# ##.#
#<# #.# #..# #.#
#.# #.# #..#####.#


You could see an adder.

Vanquished Creatures
  A dart slug (D:1)
  3 leopard geckos (D:1)
  A ball python (D:1)
  4 goblins
  4 hobgoblins
  4 jackals (D:2)
  7 bats
  7 kobolds (D:1)
  5 rats
36 creatures vanquished.

Vanquished Creatures (others)
  A plant (D:1)
1 creature vanquished.

Grand Total: 37 creatures vanquished

Notes
Turn   | Place    | Note
-------+----------+-------------------------------------------
     0 | D:1      | Descartes the Felid Warper began the quest for the Orb.
     0 | D:1      | Reached XP level 1. HP: 9/9 MP: 4/4
   615 | D:1      | Reached skill level 1 in Stealth
   713 | D:1      | Reached XP level 2. HP: 13/13 MP: 6/6
  1255 | D:1      | Learned a level 2 spell: Blink
  1258 | D:1      | Learned a level 2 spell: Shroud of Golubria
  2033 | D:2      | Reached XP level 3. HP: 16/16 MP: 7/7
  2328 | D:2      | Found a glowing silver altar of Zin.
  2328 | D:2      | Found a burning altar of Makhleb.
  2329 | D:2      | Noticed a green death
  2329 | D:2      | Noticed an angel
  2752 | D:2      | Slain by an adder

Illustrated notes

Levels and vault maps discovered:
D:1:      minmay_arrival_split_and_join, layout_basic, lexackson_kobold_supper
D:2:      layout_loops_ring, grunt_temple_overflow_order_and_chaos_2

Skill      XL: |  1  2 |
---------------+-------+-----
Stealth        | 1 2 |  2.2
Fighting       | |  2.3
Dodging        | |  3.6
Unarmed Combat | |  2.6
Spellcasting   | |  2.0
Charms         | |  0.3
Translocations | |  4.6

Action                   || total
-------------------------++-------
Melee: Unarmed           ||   144
       Bite              ||    10
       Punch             ||     1
 Cast: Shroud of Golubri ||     5
 Stab: Sleeping          ||     3
  Eat: Chunk             ||    11
Armor: Skin              ||    15
Dodge: Dodged            ||   134
